 Dungeon Crawl Stone Soup version 0.18.1-48-g4cf74bf (webtiles) character file.

133 Joat the Vexing (level 4, -2/30 HPs)
             Began as a Vampire Enchanter on July 31, 2016.
             Killed by nerve-wracking pain
             ... invoked by Grinder
              (4 damage)
             ... while paralysed by Grinder
             ... on level 3 of the Dungeon.
             The game lasted 00:25:17 (3068 turns).

Joat the Vexing (Vampire Enchanter)                 Turns: 3068, Time: 00:25:17

Health: -2/30      AC:  4    Str:  7    XL:     4   Next: 93%
Magic:  7/7        EV:  2    Int: 17    God:
Gold:   165        SH:  0    Dex: 15    Spells: 2 memorised, 4 levels left

rFire  . . .     SeeInvis +     u - +0 hunting sling
rCold  . . .     Gourm    .     f - +1 robe
rNeg   + . .     Faith    .     (no shield)
rPois  .         Spirit   .     (no helmet)
rElec  .         Dismiss  .     y - +0 cloak
rCorr  .         Reflect  +     (no gloves)
SustAt .         Harm     .     (no boots)
MR     .....                    m - +4 amulet of reflection
Stlth  +++.......               (no ring)
                                r - ring of see invisible

@: paralysed, not resistant to hostile enchantments, fairly stealthy
A: fangs 3, see invisible, unbreathing
a: Bat Form


You were on level 3 of the Dungeon.
You were not thirsty.

You visited 1 branch of the dungeon, and saw 3 of its levels.

You collected 165 gold pieces.

Inventory:

Hand Weapons
 a - a +1 dagger
 b - a +2 whip of electrocution
 u - a +0 hunting sling (weapon)
Missiles
 e - 36 sling bullets (quivered)
 l - 14 poisoned needles
 q - 60 stones
Armour
 f - a +1 robe (worn)
 y - a +0 cloak (worn)
Jewellery
 m - a +4 amulet of reflection (around neck)
 n - an uncursed amulet of faith
 r - a ring of see invisible (left hand)
Scrolls
 g - 6 scrolls of identify {unknown}
 h - 2 scrolls of teleportation {unknown}
 i - a scroll of fear {unknown}
 j - 3 scrolls of remove curse {unknown}
 k - a scroll of random uselessness {unknown}
 s - a scroll of blinking {unknown}
 t - a scroll of magic mapping {unknown}
 x - a scroll of amnesia {unknown}
Potions
 d - 13 potions of blood
 o - a potion of agility {unknown}
 p - a potion of flight {unknown}
 v - a potion of magic {unknown}
 w - a potion of cancellation {unknown}
Books
 c - a book of Maledictions

   Spells                             Type                      Level
   a - Corona                         Hexes                        1
   b - Ensorcelled Hibernation        Hexes/Ice                    2
   c - Confuse                        Hexes                        3
   d - Tukima's Dance                 Hexes                        3
   e - Dazzling Spray                 Conjuration/Hexes            3


   Skills:
 + Level 3.2 Short Blades
 - Level 2.1 Dodging
 - Level 4.4 Stealth
 - Level 2.0 Spellcasting
 - Level 6.0 Hexes
 - Level 2.2 Ice Magic


You had 4 spell levels left.
You knew the following spells:

 Your Spells              Type           Power        Failure   Level  Hunger
a - Ensorcelled Hibernat  Hex/Ice        ###...       6%          2    ###....
b - Corona                Hex            ###....      1%          1    #......


Dungeon Overview and Level Annotations

Branches:
Dungeon (3/15)

Altars:
Gozag

Annotations:
D:3 Grinder


Innate Abilities, Weirdness & Mutations

You have razor-sharp teeth.
You have supernaturally acute eyesight.
You can survive without breathing.


Message History

Pain shoots through your body!
* * * LOW HITPOINT WARNING * * *
Firing (i - inventory. (,) - cycle):
e - 38 sling bullets (quivered)
Press: ? - help, Shift-Dir - straight line, f/p - Grinder
Aim: Grinder (heavily wounded)
You shoot a sling bullet. The sling bullet hits Grinder.
Grinder is severely wounded.
Grinder gestures at you. Pain shoots through your body!
* * * LOW HITPOINT WARNING * * *
Firing (i - inventory. (,) - cycle):
e - 37 sling bullets (quivered)
Press: ? - help, Shift-Dir - straight line, f/p - Grinder
Aim: Grinder (severely wounded)
You shoot a sling bullet. The sling bullet hits Grinder.
Grinder is severely wounded.
Grinder gestures at you.
You suddenly lose the ability to move!
Grinder gestures at you. Pain shoots through your body!
You die...

.. #.# ## #.#
#.#
#.#########
#.........#
#########.#
#.#
############.#
#.((5@.......#
#.############
#(# #.# #.#
#.# #.# #(#
#.#


You could see Grinder.

Vanquished Creatures
  3 gnolls (D:3)
  3 adders (D:2)
  An ooze (D:3)
  A worm (D:2)
  2 dart slugs
  A giant gecko (D:3)
  2 orcs (D:3)
  A ball python (D:1)
  3 giant cockroaches
  11 hobgoblins
  7 jackals
  A quokka (D:2)
  8 bats
  A giant newt (D:3)
  7 goblins
  6 rats
  A plant (D:1)
59 creatures vanquished.

Notes
Turn   | Place    | Note
--------------------------------------------------------------
     0 | D:1      | Joat the Vampire Enchanter began the quest for the Orb.
     0 | D:1      | Reached XP level 1. HP: 13/13 MP: 3/3
   118 | D:1      | Reached skill level 5 in Hexes
   271 | D:1      | Reached XP level 2. HP: 19/19 MP: 5/5
   297 | D:1      | Learned a level 2 spell: Ensorcelled Hibernation
   672 | D:1      | Reached skill level 1 in Ice Magic
  1146 | D:2      | Reached XP level 3. HP: 24/24 MP: 3/6
  1920 | D:2      | Reached skill level 6 in Hexes
  2015 | D:3      | Found an opulent altar of Gozag.
  2062 | D:2      | Reached XP level 4. HP: 10/30 MP: 0/7
  2994 | D:3      | Noticed Grinder
  2996 | D:3      | Paralysed by Grinder for 3 turns
  3067 | D:3      | Paralysed by Grinder for 3 turns
  3068 | D:3      | Killed from afar by Grinder

Skill      XL: |  1  2  3  4 |
---------------+-------------+-----
Hexes          | 5 6 |  6.0
Ice Magic      | 1 2 |  2.2
Short Blades   | 3 |  3.2
Dodging        | |  2.1
Stealth        | |  4.4
Spellcasting   | |  2.0

Action                   |  1- 3 |  4- 6 || total
-------------------------+-------+-------++-------
Melee: Dagger            |   267 |    41 ||   308
       Bite              |    19 |     3 ||    22
       Whip              |       |    19 ||    19
 Fire: Hunting sling     |    14 |    17 ||    31
 Cast: Corona            |     2 |     1 ||     3
       Ensorcelled Hiber |    14 |     3 ||    17
  Use: Potion            |       |     1 ||     1
 Stab: Sleeping          |    17 |     7 ||    24
  Eat: Corpse            |     2 |     2 ||     4
Armor: Robe              |    36 |    15 ||    51
Dodge: Dodged            |   102 |    33 ||   135
Block: Other             |    20 |     8 ||    28
       Reflection        |     1 |       ||     1
